 Dungeon Crawl Stone Soup version 0.18.1-8-gdd0e5ea (webtiles) character file.

155 RudyRod the Digger (level 5, -5/31 HPs)
             Began as an Octopode Earth Elementalist on June 9, 2016.
             Was a Follower of Vehumet.
             Killed by nerve-wracking pain
             ... invoked by Grinder
              (11 damage)
             ... on level 3 of the Dungeon.
             The game lasted 00:17:04 (2637 turns).

RudyRod the Digger (Octopode Earth Elementalist)    Turns: 2637, Time: 00:17:05

Health: -5/31      AC:  1    Str:  7    XL:     5   Next: 37%
Magic:  4/9        EV: 12    Int: 19    God:    Vehumet [*.....]
Gold:   96         SH:  0    Dex: 12    Spells: 3 memorised, 4 levels left

rFire  x . .     SeeInvis .     p - +0 short sword (speed)
rCold  + + .     Gourm    +     (no shield)
rNeg   . . .     Faith    .     (helmet restricted)
rPois  .         Spirit   .     q - amulet of the gourmand (curse)
rElec  .         Dismiss  .     n - ring of ice
rCorr  .         Reflect  .     v - ring of protection from cold
SustAt .         Harm     .     (no ring)
MR     .....                    (no ring)
Stlth  ++++......               (no ring)
                                (no ring)
                                (no ring)
                                (no ring)

@: not resistant to hostile enchantments, stealthy
A: almost no armour, amphibious, 8 rings, constrict 8, beak, camouflage 1,
deterioration 2, gelatinous body 1
a: Renounce Religion


You were on level 3 of the Dungeon.
You worshipped Vehumet.
Vehumet was aware of your devotion.
You were completely stuffed.

You visited 1 branch of the dungeon, and saw 3 of its levels.

You collected 96 gold pieces.

Inventory:

Hand Weapons
 d - a +2 hand axe of electrocution
 h - a +2 dagger of venom
 p - a +0 short sword of speed (weapon)
Missiles
 a - 130 stones (quivered)
Armour
 g - a +0 animal skin
 t - a +0 helmet
Jewellery
 n - a ring of ice (left tentacle)
 q - a cursed amulet of the gourmand (around mantle)
 v - a ring of protection from cold (right tentacle)
Scrolls
 e - 5 scrolls of identify {unknown}
 f - 3 scrolls of teleportation
 i - a scroll of enchant weapon {unknown}
 m - a scroll of enchant armour {unknown}
 x - a scroll of remove curse {unknown}
Potions
 r - a potion of agility {unknown}
 u - 2 potions of lignification {unknown}
Books
 b - a book of Geomancy

   Spells                             Type                      Level
   a - Sandblast                      Earth                        1
   b - Passwall                       Transmutation/Earth          2
   c - Stone Arrow                    Conjuration/Earth            3
   d - Petrify                        Transmutation/Earth          4
   e - Lee's Rapid Deconstruction     Earth                        5
Comestibles
 c - 5 bread rations
 s - 4 fruits


   Skills:
 + Level 0.2 Fighting
 + Level 0.2 Short Blades
 + Level 0.6 Axes
 + Level 2.4 Dodging
 * Level 3.7 Stealth
 + Level 2.6 Spellcasting
   Level 1.0 Transmutations
 * Level 4.7 Earth Magic


You had 4 spell levels left.
You knew the following spells:

 Your Spells              Type           Power        Failure   Level  Hunger
a - Sandblast             Erth           ###...       2%          1    None
b - Magic Dart            Conj           #...         17%         1    None
c - Stone Arrow           Conj/Erth      ##....       17%         3    ###....


Dungeon Overview and Level Annotations

Branches:
Dungeon (3/15)

Altars:
Ashenzari
Cheibriados
Fedhas
Qazlal
Vehumet
Zin

Annotations:
D:3 Grinder


Innate Abilities, Weirdness & Mutations

You cannot wear most types of armour.
You are amphibious.
You can wear up to eight rings at the same time.
You can use your tentacles to constrict eight enemies at once.
Your skin changes colour to match your surroundings (Stealth).
Your rubbery body absorbs attacks (AC +1).
You have a beak for a mouth.
Your body often deteriorates upon taking damage.


Message History

Confirm with . or Enter, or press ? or * to list all spells.
Aiming: Sandblast
Press: ? - help, Shift-Dir - straight line, f/p - Grinder
Aim: Grinder (lightly wounded)
The blast of sand hits Grinder.
Grinder is moderately wounded.
Grinder hits you!
* * * LOW HITPOINT WARNING * * *
You writhe in agony.
* * * LOW HITPOINT WARNING * * *
Casting: Sandblast
Confirm with . or Enter, or press ? or * to list all spells.
Aiming: Sandblast
Press: ? - help, Shift-Dir - straight line, f/p - Grinder
Aim: Grinder (moderately wounded)
The blast of sand hits Grinder.
Grinder is moderately wounded.
Grinder gestures at you. Pain shoots through your body!
You die...

#######.....## ###
.#####
.≈PP.#...<..)## #..
# ##.....
...≈≈#.......(##.#.#
.###.#####
.≈≈P.........(.....#
# #.......##
#.##.##.......$#.###
#.#..#.##.##
#....###.....(.# ..
#.#.##.##.## ####.#
#......§## ##
#........... #.#
#.....)?.##
###%##.##.##
..)##%.......#@#
#)#.#.#.##
............##5#
#..###..##
##..##........# ##
#.## ##.##
#...###.##..##.
#..###.###
#.#......... #
#.#.#.##
##.#.########
#.##.## .....#
#.#### ##...# #.#
.....# #.#


You could see Grinder.

Vanquished Creatures
  A crimson imp (D:3)
  Robin (D:2)
  4 adders
  A worm (D:2)
  A dart slug (D:2)
  3 giant geckos
  8 giant cockroaches
  11 goblins
  6 hobgoblins
  A jackal (D:1)
  4 quokkas
  6 bats
  3 giant newts
  8 kobolds
  5 rats
63 creatures vanquished.

Notes
Turn   | Place    | Note
--------------------------------------------------------------
     0 | D:1      | RudyRod the Octopode Earth Elementalist began the quest for the Orb.
     0 | D:1      | Reached XP level 1. HP: 11/11 MP: 3/3
   334 | D:1      | Reached XP level 2. HP: 17/17 MP: 3/5
  1010 | D:2      | Reached XP level 3. HP: 20/21 MP: 4/6
  1020 | D:2      | Found a snail-covered altar of Cheibriados.
  1146 | D:2      | Found a radiant altar of Vehumet.
  1149 | D:2      | Found a blossoming altar of Fedhas.
  1149 | D:2      | Found a shattered altar of Ashenzari.
  1162 | D:2      | Found a glowing silver altar of Zin.
  1182 | D:2      | Became a worshipper of Vehumet
  1219 | D:2      | Reached skill level 4 in Earth Magic
  1219 | D:2      | Reached XP level 4. HP: 11/27 MP: 1/7
  1579 | D:2      | Noticed Robin
  1627 | D:2      | Killed Robin
  2143 | D:3      | Reached * piety under Vehumet
  2143 | D:3      | Offered knowledge of Magic Dart by Vehumet.
  2149 | D:3      | Learned a level 1 spell: Magic Dart
  2164 | D:3      | Reached XP level 5. HP: 25/31 MP: 8/8
  2304 | D:3      | Noticed a centaur
  2339 | D:3      | Learned a level 3 spell: Stone Arrow
  2430 | D:3      | Found a stormy altar of Qazlal.
  2506 | D:3      | Noticed Grinder
  2611 | D:3      | Gained mutation: Your body sometimes deteriorates upon taking damage. [potion of mutation]
  2611 | D:3      | Gained mutation: You have a beak for a mouth. [potion of mutation]
  2611 | D:3      | Gained mutation: Your body often deteriorates upon taking damage. [potion of mutation]
  2637 | D:3      | Killed from afar by Grinder

Skill      XL: |  1  2  3 |
---------------+----------+-----
Stealth        | 3 |  3.7
Earth Magic    | 4 |  4.7
Fighting       | |  0.2
Short Blades   | |  0.2
Axes           | |  0.6
Dodging        | |  2.4
Spellcasting   | |  2.6
Transmutations | |  1.0

Action                   |  1- 3 |  4- 6 || total
-------------------------+-------+-------++-------
Melee: Hand axe          |    29 |    15 ||    44
       Constrict         |     7 |     8 ||    15
       Tentacles         |     1 |     6 ||     7
       Short sword       |       |    27 ||    27
 Cast: Sandblast         |    21 |    27 ||    48
  Use: Potion            |       |     4 ||     4
       Scroll            |       |     1 ||     1
 Stab: Sleeping          |    11 |     5 ||    16
       Distracted        |       |     1 ||     1
  Eat: Chunk             |     1 |    13 ||    14
       Meat ration       |       |     1 ||     1
Armor: Skin              |       |     2 ||     2
Dodge: Dodged            |    21 |    28 ||    49
